AoeStats
← FlyingWhale

Hill Fort

505339473Analyzed
2v2 RM · 23d ago on Sep 8, 2026· 110m 55s· 4 players
Game mode
Random Map
Map size
Medium (4 player)
Population
200
Speed
Normal
Resources
Standard
Victory
Conquest
Starting age
Dark Age
Ending age
Imperial Age
RankedLock teamsTeams togetherTeam positionsShared explorationLock speedFull tech treeHidden civsTurbo modeCheats
Victory
Defeat
🇦🇹 Turks · Austria
922
+14
🇫🇷 Byzantines · France
770
+20
🇨🇴 Tatars · Colombia
876
-17
🇨🇴 Mongols · Colombia
876
-17
deivyrestrepopalacio
1:59 Loom
10:25 Feudal Age
11:21 Double-Bit Axe
12:28 Horse Collar
21:51 Castle Age
20:05 Gold Mining
20:05 Stone Mining
23:50 Bow Saw
24:34 Fishing Lines
28:25 Imperial Age
28:14 Wheelbarrow
27:25 Town Watch
30:53 Stone Shaft Mining
30:54 Gold Shaft Mining
36:15 Drill
36:16 Conscription
37:01 Husbandry
37:12 Bloodlines
36:23 Light Cavalry
37:52 Hussar
38:43 Murder Holes
39:10 Ballistics
40:01 Heavy Plow
39:55 Arson
40:10 Squires
39:31 Pikeman
41:00 Caravan
42:41 Chemistry
46:10 Elite Mangudai
46:30 Capped Ram
48:11 Scale Barding Armor
48:07 Padded Archer Armor
47:58 Fletching
47:42 Siege Ram
48:54 Siege Engineers
56:07 Elite Skirmisher
60:54 Thumb Ring
63:33 Parthian Tactics
65:21 Chain Barding Armor
65:17 Leather Archer Armor
64:57 Bodkin Arrow
69:23 Bracer
69:25 Scale Mail Armor
77:48 Chain Mail Armor
84:08 Heavy Camel Rider
93:20 Hand Cart
juliandavid3907
0:42 Loom
10:33 Feudal Age
11:44 Double-Bit Axe
13:05 Horse Collar
18:41 Castle Age
18:07 Fletching
24:17 Bow Saw
24:58 Gold Mining
25:28 Bloodlines
26:52 Wheelbarrow
28:33 Ballistics
28:46 Stone Mining
28:55 Bodkin Arrow
30:14 Scale Barding Armor
30:09 Town Watch
31:21 Silk Armor
33:28 Chain Barding Armor
33:43 Heavy Plow
36:24 Husbandry
41:31 Imperial Age
40:02 Elite Skirmisher
42:52 Conscription
44:23 Hand Cart
44:09 Town Patrol
43:53 Heavy Cavalry Archer
44:26 Elite Steppe Lancer
45:44 Plate Barding Armor
45:09 Bracer
49:52 Chemistry
48:59 Siege Engineers
50:39 Forging
50:30 Scale Mail Armor
51:54 Pikeman
53:28 Iron Casting
53:24 Halberdier
60:08 Guilds
65:47 Timurid Siegecraft
67:12 Blast Furnace
66:59 Light Cavalry
68:01 Hussar
77:53 Caravan
89:42 Murder Holes
92:46 Masonry
95:32 Coinage
FlyingWhale
1:47 Loom
10:52 Feudal Age
13:10 Double-Bit Axe
14:30 Wheelbarrow
19:18 Castle Age
17:50 Gold Mining
17:54 Stone Mining
26:03 Scale Barding Armor
26:49 Bloodlines
27:27 Hand Cart
27:05 Town Watch
27:35 Husbandry
30:25 Forging
32:30 Iron Casting
34:44 Chain Barding Armor
42:30 Imperial Age
40:49 Horse Collar
42:15 Ballistics
43:06 Bow Saw
43:37 Heavy Plow
45:19 Conscription
44:25 Heavy Camel Rider
44:28 Elite Janissary
51:44 Plate Barding Armor
52:10 Blast Furnace
54:39 Caravan
55:28 Town Patrol
92:59 Scale Mail Armor
92:25 Man-at-Arms
93:33 Squires
93:21 Arson
94:01 Chain Mail Armor
93:13 Long Swordsman
93:56 Two-Handed Swordsman
94:44 Champion
97:09 Plate Mail Armor
99:42 Capped Ram
yannklein1
6:09 Loom
13:25 Feudal Age
19:01 Castle Age
17:09 Double-Bit Axe
17:34 Horse Collar
19:24 Wheelbarrow
20:23 Bow Saw
21:24 Hand Cart
27:03 Elite Skirmisher
29:28 Scale Barding Armor
29:35 Forging
29:17 Fletching
29:31 Gambesons
29:56 Thumb Ring
32:29 Imperial Age
31:34 Bodkin Arrow
31:40 Padded Archer Armor
34:43 Husbandry
37:16 Chemistry
35:56 Treadmill Crane
36:12 Murder Holes
36:40 Ballistics
35:57 Pikeman
40:22 Conscription
41:54 Halberdier
51:24 Caravan
52:59 Two-Man Saw
52:03 Heavy Plow
51:55 Stone Mining
51:56 Gold Mining
54:33 Bracer
58:50 Iron Casting
58:16 Scale Mail Armor
60:55 Chain Mail Armor
61:08 Squires
62:01 Man-at-Arms
68:53 Long Swordsman
69:19 Gambesons
69:21 Arson
69:37 Two-Handed Swordsman
71:03 Champion
76:23 Plate Mail Armor
85:11 Leather Archer Armor
88:21 Crop Rotation
91:59 Capped Ram
93:16 Siege Ram
Connection lost

Rejoining the realm…

Still unreachable

The connection could not be restored.

Session expired

The server has moved on; the page needs a fresh start.